 Dungeon Crawl Stone Soup version 0.30-a0-743-gbfdf073431 (webtiles) character file.

Game seed: 9714692608437870916

36036 ders the Devastator (level 13, -11/68 HPs)
             Began as a Gargoyle Earth Elementalist on Feb 7, 2023.
             Was an Elder of Vehumet.
             Killed from afar by a fire dragon (46 damage)
             ... with a blast of flame
             ... on level 5 of the Lair of Beasts.
             The game lasted 00:26:39 (19731 turns).

ders the Devastator (Gargoyle Earth Elementalist)  Turns: 19731, Time: 00:26:40

Health: -11/68     AC: 17    Str: 12    XL:     13   Next: 87%
Magic:  27/27      EV: 16    Int: 33    God:    Vehumet [****..]
Gold:   866        SH:  0    Dex:  8    Spells: 15/32 levels left

rFire   . . .      SeeInvis +    F - staff of earth
rCold   . . .      Faith    .    (no shield)
rNeg    + . .      Spirit   .    y - +1 leather armour "Onimaef" {Int+6 Dex-2}
rPois   ∞          Reflect  .    (no helmet)
rElec   +          Harm     .    D - +0 cloak
rCorr   .          Rampage  .    s - +1 pair of gloves
Will    .....                    (no boots)
Stlth   +                        (no amulet)
HPRegen 0.31/turn                m - ring "Gocs" {rElec EV+5 SInv}
MPRegen 0.20/turn                R - +6 ring of intelligence

@: about to teleport, very slow
A: sickness immunity, AC +9, negative energy resistance 1, electricity
resistance, torment resistance 1, petrification resistance, passive freeze,
MP-powered wands
a: Renounce Religion


You were on level 5 of the Lair of Beasts.
You worshipped Vehumet.
Vehumet was greatly pleased with you.
You visited 2 branches of the dungeon, and saw 14 of its levels.
You also visited: Ice Cave.

You collected 866 gold pieces.

Inventory:

Hand Weapons
 E - a +4 quarterstaff of chaos
Missiles
 b - 2 throwing nets
Armour
 a - a +0 robe
 s - a +1 pair of gloves (worn)
 y - the +1 leather armour "Onimaef" (worn) {Int+6 Dex-2}
   (You took it off a hobgoblin on level 3 of the Dungeon)

   Int:       It affects your intelligence (+6).
   Dex:       It affects your dexterity (-2).
 D - a +0 cloak (worn)
 H - +0 acid dragon scales
Magical Staves
 F - a staff of earth (weapon)
Jewellery
 m - the ring "Gocs" (left hand) {rElec EV+5 SInv}
   (You acquired it on level 2 of the Lair of Beasts)

   [ring of evasion]

   EV:        It affects your evasion (+5).
   rElec:     It insulates you from electricity.
   SInv:      It lets you see invisible.
 n - a ring of ice
 I - a +4 ring of slaying
 L - a ring of protection from cold
 Q - a +4 ring of protection
 R - a +6 ring of intelligence (right hand)
Wands
 C - a wand of charming (4)
 J - a wand of acid (4)
 P - a wand of flame (15)
Scrolls
 d - 3 scrolls of enchant weapon
 e - 4 scrolls of teleportation
 f - 2 scrolls of fear
 g - a scroll of brand weapon
 h - 2 scrolls of immolation
 i - 2 scrolls of amnesia
 j - a scroll of vulnerability
 k - 2 scrolls of magic mapping
 w - 2 scrolls of torment
 z - 4 scrolls of noise
 A - a scroll of poison {unknown}
 B - 2 scrolls of silence
 S - 2 scrolls of identify
 V - a scroll of fog
Potions
 c - 3 potions of curing
 l - 2 potions of brilliance
 o - 4 potions of attraction
 p - 3 potions of cancellation {unknown}
 q - a potion of berserk rage {unknown}
 r - a potion of lignification {unknown}
 t - a potion of flight {unknown}
 u - 2 potions of haste
 v - 3 potions of mutation
 x - 2 potions of ambrosia {unknown}
 G - 2 potions of invisibility {unknown}
 M - a potion of degeneration {unknown}
 N - 2 potions of might {unknown}
 O - a potion of magic
 T - a potion of resistance {unknown}
 U - a potion of heal wounds {unknown}
Miscellaneous
 K - a tin of tremorstones (2/2)


   Skills:
 + Level 2.7 Fighting
 + Level 2.8 Armour
 - Level 1.5 Dodging
 - Level 2.1 Stealth
 + Level 10.0 Spellcasting
 * Level 15.9 Conjurations
 - Level 8.6 Transmutations
 + Level 13.0 Earth Magic


You had 15 spell levels left.
You knew the following spells:

 Your Spells              Type           Power      Damage    Failure   Level
a - Sandblast             Erth           100%       2d20      0%          1
b - Stone Arrow           Conj/Erth      100%       3d13      1%          3
c - Arcjolt               Conj/Air       31%        1d41      1%          5
d - Lightning Bolt        Conj/Air       31%        1d48      1%          5
e - Frozen Ramparts       Ice            32%        1d5       3%          3

Your spell library contained the following spells:

 Spells                   Type           Power      Damage    Failure   Level
 Passwall                 Tmut/Erth      77%        N/A       1%          2
 Poisonous Vapours        Pois/Air       32%        N/A       1%          2
 Static Discharge         Conj/Air       100%       2-7/arc   1%          2
 Mephitic Cloud           Conj/Pois/Air  51%        N/A       1%          3
 Petrify                  Tmut/Erth      93%        N/A       1%          4
 Kindle Blastsparks       Fire/Tloc/Air  32%        2d12      3%          3
 Vhi's Electric Charge    Tloc/Air       32%        N/A       11%         3
 Dispel Undead            Necr           16%        3d10      34%         4
 Death Channel            Necr           8%         N/A       99%         6
 Enfeeble                 Hex            8%         N/A       100%        7
 Fire Storm               Conj/Fire      31%        8d8       100%        9
 Cigotuvi's Dreadful Rot  Necr/Pois/Air  Unusable   N/A       N/A         2

Dungeon Overview and Level Annotations

Branches:
Dungeon (9/15)             Temple (0/1) D:4            Lair (5/5) D:9
 Shoals (0/4) Lair:3        Snake (0/4) Lair:3        Slime (0/5) Lair:4
  IceCv (visited)
    Orc: D:9-12

Altars:
Cheibriados
Dithmenos
Elyvilon
Gozag
Okawaru
Qazlal
Sif Muna
Vehumet
Yredelemnul
Zin
The Shining One

Annotations:
D:4 3 runed translucent doors, Valamore's ghost, amateur DrCj
D:5 2 transporters, ragingrage's ghost, novice OpEn
D:9 1 runed translucent door, Amaemon; Maggie; Valagong's ghost, novice MiFi


Innate Abilities, Weirdness & Mutations

You are immune to sickness and miasma.
Your stone body is resilient. (AC +9)
You are immune to poison.
You resist negative energy. (rN+)
You are resistant to electric shocks. (rElec)
You are resistant to unholy torment.
You are immune to petrification.
A frigid envelope surrounds you and freezes all who hurt you.
You expend magic power (3 MP) to strengthen your wands.


Message History

Moving in this stuff is going to be slow.
You enter the shallow water.
Moving in this stuff is going to be slow.
You enter the shallow water.
Moving in this stuff is going to be slow.
Magic restored.
You enter the shallow water.
Moving in this stuff is going to be slow.
You enter the shallow water.
Moving in this stuff is going to be slow.
A swamp dragon comes into view.
You enter the shallow water.
Moving in this stuff is going to be slow.
Why would you want to do that?
You hit the plant but do no damage.
You enter the shallow water.
Moving in this stuff is going to be slow.
Sorry, I don't know how to traverse that place.
Sorry, I don't know how to traverse that place.
Found a potion of haste.
The swamp dragon roars deafeningly!
The fire dragon roars deafeningly!
The swamp dragon breathes poison at you.
You enter the shallow water.
Moving in this stuff is going to be slow.
Why would you want to do that? The fire dragon breathes flames at you.
The blast of flame hits you!!
You hit the plant.
The plant begins to die.
The plant is lightly damaged.
You are engulfed in a cloud of scalding steam.
As you read the scroll of teleportation, it crumbles to dust.
You feel strangely unstable.
You are engulfed in a cloud of scalding steam.
The swamp dragon breathes poison at you.
The blast of poison misses you.
You feel better.
A nearby plant withers and dies.
The fire dragon breathes flames at you. The blast of flame hits you!!!
Ouch! That really hurt!
You die...

#......### ##.........
##......#.#####..........
#...........##........#..
##...................###..
#P..................#.#...
##........................
###############.........#
♣♣♣♣♣♣♣♣ ###.....P#.
♣♣..☼○@☼♣♣ ♣♣♣♣≈~.♣♣#.
♣..P§§○○~♣♣♣♣.♣♣♣~♣♣ #.
♣♣.~.DD☼~P.♣...♣♣.~♣♣ #.
♣..~~.♣♣~~.♣♣..♣♣♣~.♣ #.
♣.~.~..♣♣♣~..♣.P♣.≈~♣ ##
♣~≈≈~.♣♣♣....♣..♣~~♣♣ #.
♣.≈≈≈~.♣♣.≈..♣♣♣≈...♣ #.
♣.≈≈≈°~♣♣♣~≈..♣♣~..♣♣ #.
♣~≈≈..○.♣♣.~≈♣♣.~♣.P♣ #.


You could see a fire dragon (catching breath) and a swamp dragon.

Vanquished Creatures
  Josephine (Lair:3)
  A boulder beetle (Lair:5)
  A two-headed ogre (D:9)
  A death yak (Lair:5)
  A cyclops (D:9)
  A salamander (Lair:3)
  22 elephants
  A merfolk siren (Lair:3)
  2 black mambas (Lair:2)
  4 torpor snails
  9 cane toads
  4 rime drakes
  9 komodo dragons
  A freezing wraith (IceCv)
  A polar bear (Lair:4)
  A hornet (Lair:2)
  12 blink frogs
  3 merfolk (Lair:3)
  8 wyverns
  4 wraiths (Lair:3)
  A vampire (D:9)
  28 yaks
  4 basilisks
  Menkaure (D:7)
  3 swamp worms (D:8)
  3 acid dragons
  3 orc warriors
  15 water moccasins
  An ice beast (D:4)
  A black bear (Lair:2)
  4 swamp drakes (Lair:5)
  3 ogres
  4 centaurs
  2 phantoms
  A kobold brigand (D:8)
  12 bullfrogs
  2 necrophages (D:7)
  4 scorpions
  A cane toad simulacrum (IceCv)
  4 wights (D:9)
  3 killer bees (D:9)
  3 elephant simulacra (IceCv)
  2 howler monkeys
  An electric eel (Lair:5)
  2 jellies (D:7)
  2 lava snakes (Lair:3)
  8 orc priests
  A gnoll bouda (D:9)
  4 hounds
  6 iguanas
  Crazy Yiuf (D:7)
  11 orc wizards
  6 hell rats (Lair:4)
  2 polar bear simulacra (IceCv)
  2 gnolls (D:9)
  2 adders
  A shadow imp (D:5)
  13 white imps
  An ufetubus (D:4)
  5 dart slugs
  32 orcs
  4 bats
  4 endoplasms
  2 giant cockroaches
  15 goblins
  10 hobgoblins
  A quokka (D:2)
  2 ball pythons
  4 frilled lizards
  12 kobolds
  9 rats
355 creatures vanquished.

Vanquished Creatures (others)
  26 fungi
  60 plants
86 creatures vanquished.

Grand Total: 441 creatures vanquished

Notes
Turn   | Place    | Note
-------+----------+-------------------------------------------
     0 | D:1      | ders the Gargoyle Earth Elementalist began the quest for
                  | the Orb.
     0 | D:1      | Reached XP level 1. HP: 10/10 MP: 3/3
   279 | D:1      | Reached skill level 1 in Transmutations
   279 | D:1      | Reached XP level 2. HP: 15/15 MP: 1/5
   280 | D:1      | Reached skill level 1 in Conjurations
   902 | D:1      | Reached XP level 3. HP: 19/19 MP: 4/6
   990 | D:1      | Learned a level 3 spell: Stone Arrow
  1168 | D:2      | Reached skill level 2 in Conjurations
  1988 | D:3      | Got Sif Muna's Directory of the Star-crossed Missiles
  2071 | D:3      | Identified the +1 leather armour "Onimaef" {Int+6 Dex-2}
  2254 | D:3      | Reached XP level 4. HP: 24/24 MP: 5/7
  2353 | D:4      | Noticed an ogre
  2356 | D:4      | Killed an ogre
  2357 | D:4      | Reached skill level 3 in Conjurations
  2357 | D:4      | Reached XP level 5. HP: 5/28 MP: 5/9
  2485 | D:4      | Found a radiant altar of Vehumet.
  2723 | D:4      | Noticed Valamore's ghost (amateur DrCj)
  2725 | D:4      | Found a runed translucent gate.
  2725 | D:4      | Found a runed translucent gate.
  2725 | D:4      | Found a runed translucent gate.
  2770 | D:4      | Reached XP level 6. HP: 9/32 MP: 2/10
  2775 | D:4      | HP: 1/32 [orc priest/divine providence (9)]
  2777 | D:4      | Reached skill level 4 in Conjurations
  3287 | D:4      | Reached skill level 5 in Earth Magic
  3287 | D:4      | Reached XP level 7. HP: 28/36 MP: 1/12
  3661 | D:4      | Found a staircase to the Ecumenical Temple.
  3774 | D:5      | Entered Level 5 of the Dungeon
  3823 | D:4      | Reached skill level 5 in Conjurations
  4124 | D:5      | Reached XP level 8. HP: 41/41 MP: 7/14
  4184 | D:5      | Reached skill level 6 in Conjurations
  4427 | D:5      | Found a glowing golden altar of the Shining One.
  4479 | D:5      | Found a transporter.
  4484 | D:5      | Noticed ragingrage's ghost (novice OpEn)
  4506 | D:5      | Found a transporter.
  4945 | D:6      | Found a stormy altar of Qazlal.
  5072 | D:6      | Reached skill level 7 in Conjurations
  5497 | D:7      | Noticed Menkaure
  5499 | D:7      | Killed Menkaure
  5708 | D:7      | Found a runed translucent door.
  5709 | D:7      | Noticed Crazy Yiuf
  5764 | D:7      | Reached XP level 9. HP: 45/45 MP: 6/16
  5811 | D:7      | Killed Crazy Yiuf
  5812 | D:7      | Reached skill level 5 in Spellcasting
  6197 | D:7      | Reached skill level 8 in Conjurations
  6328 | D:7      | Found a shimmering blue altar of Sif Muna.
  6331 | D:7      | Found an opulent altar of Gozag.
  6334 | D:7      | Found a glowing silver altar of Zin.
  6336 | D:7      | Found a snail-covered altar of Cheibriados.
  6336 | D:7      | Found a basalt altar of Yredelemnul.
  6336 | D:7      | Found a shadowy altar of Dithmenos.
  6337 | D:7      | Found an iron altar of Okawaru.
  6340 | D:7      | Found a white marble altar of Elyvilon.
  6431 | D:4      | Became a worshipper of Vehumet
  7670 | D:8      | Reached * piety under Vehumet
  7670 | D:8      | Offered knowledge of Freeze by Vehumet.
  7861 | D:8      | Got the Monograph on the Sun
  8138 | D:8      | Reached skill level 9 in Conjurations
  8666 | D:9      | Found a runed translucent door.
  8667 | D:9      | Noticed Valagong's ghost (novice MiFi)
  8667 | D:9      | Noticed a two-headed ogre
  8679 | D:9      | Reached skill level 5 in Transmutations
  8801 | D:9      | Reached XP level 10. HP: 41/50 MP: 0/19
  9139 | D:9      | Noticed Amaemon
  9139 | D:9      | Noticed an orange demon
  9260 | D:9      | Noticed a cyclops
  9263 | D:9      | Killed a cyclops
  9264 | D:9      | Reached skill level 10 in Conjurations
  9422 | D:9      | Noticed a two-headed ogre
  9428 | D:9      | Killed a two-headed ogre
  9542 | D:9      | Noticed Maggie
 10029 | D:9      | Reached ** piety under Vehumet
 10029 | D:9      | Offered knowledge of Foxfire by Vehumet.
 10036 | D:9      | Reached skill level 11 in Conjurations
 10150 | D:9      | Found a staircase to the Lair.
 10209 | Lair:1   | Entered Level 1 of the Lair of Beasts
 10305 | Lair:1   | Found a frozen archway.
 10377 | IceCv    | Entered an ice cave
 10449 | IceCv    | Noticed an ice statue
 10456 | IceCv    | Reached XP level 11. HP: 54/54 MP: 14/21
 11222 | Lair:1   | Noticed a boulder beetle
 12036 | Lair:2   | Offered knowledge of Inner Flame by Vehumet.
 12046 | Lair:1   | Reached skill level 10 in Earth Magic
 12156 | Lair:2   | Reached skill level 12 in Conjurations
 12302 | Lair:2   | Reached *** piety under Vehumet
 12865 | Lair:2   | Learned a level 5 spell: Arcjolt
 13067 | Lair:2   | Offered knowledge of Sticky Flame by Vehumet.
 13073 | Lair:2   | Reached skill level 13 in Conjurations
 13274 | Lair:2   | Reached XP level 12. HP: 52/59 MP: 21/24
 14045 | Lair:2   | Identified a scroll of acquirement
 14045 | Lair:2   | Acquired the ring "Gocs" {rElec EV+5 SInv}
 14298 | Lair:3   | Found a staircase to the Shoals.
 14321 | Lair:3   | Gained mutation: You expend magic power (3 MP) to
                  | strengthen your wands. [potion of mutation]
 14321 | Lair:3   | Gained mutation: A frigid envelope surrounds you and
                  | freezes all who hurt you. [potion of mutation]
 14850 | Lair:3   | Noticed Josephine
 14871 | Lair:3   | Reached skill level 14 in Conjurations
 14872 | Lair:3   | Killed Josephine
 15212 | Lair:3   | Found a staircase to the Snake Pit.
 15375 | Lair:3   | Reached **** piety under Vehumet
 15505 | Lair:3   | Learned a level 5 spell: Lightning Bolt
 16433 | Lair:4   | Reached XP level 13. HP: 63/63 MP: 21/26
 16582 | Lair:4   | Reached skill level 15 in Conjurations
 16591 | Lair:4   | Offered knowledge of Frozen Ramparts by Vehumet.
 16596 | Lair:4   | Learned a level 3 spell: Frozen Ramparts
 16758 | Lair:4   | Found a staircase to the Slime Pits.
 17438 | Lair:5   | Entered Level 5 of the Lair of Beasts
 17929 | Lair:5   | Reached skill level 1 in Fighting
 17929 | Lair:5   | Reached skill level 1 in Armour
 19022 | Lair:5   | Reached skill level 10 in Spellcasting
 19241 | Lair:5   | Noticed a fire dragon
 19731 | Lair:5   | Killed from afar by a fire dragon

Illustrated notes

Levels and vault maps discovered:
D:1:      scummos_arrival_star, layout_basic, minmay_domino_4
D:2:      layout_basic
D:3:      layout_basic
D:4:      kennysheep_the_goblin_king, layout_loops_cross, vehumet_crystals,
          minmay_temple_entry_poolview, biasface_ghost_orc_armoury
D:5:      layout_basic, tso_oasis_becter, gammafunk_ghost_stat_death
D:6:      layout_rooms, amcnicky_altar_gilded
D:7:      layout_basic, minitemple, uniq_menkaure, uniq_crazy_yiuf_cottage
D:8:      layout_cave_pods, grunt_decor_cap, worms_lemuel
D:9:      layout_long_grid, erik_lair_dragon, ebering_ghost_inner_flame,
          uniq_amaemon, uniq_maggie
Lair:1:   layout_roguey, nicolae_volcano_entry_s_turn,
          portal_ice_cave_entry_imps, hangedman_lair_generics_rect
Lair:2:   layout_hall_layers, minivault_25, serial_bayou_shore_a
Lair:3:   layout_small_grid, elwin_shoals_entry_stream,
          nicolae_snake_entry_warm_welcome, grunt_megastairs_3,
          lemuel_fruit_tree, uniq_josephine
Lair:4:   layout_roguey, slime_entry_1, serial_bayou_pond_b
Lair:5:   guppyfry_lair_end_dragon, layout_cave_pods, nzn_sisyphean_effort,
          infiniplex_staircase_pool

Skill      XL: |  1  2  3  4  5  6  7  8  9 10 11 12 13 |
---------------+----------------------------------------+-----
Transmutations | 1 2 3 4 5 6 7 8 |  8.6
Conjurations   | 1 2 3 4 5 7 9 11 13 14 15 | 15.9
Earth Magic    | 4 5 6 8 9 10 12 13 | 13.0
Spellcasting   | 3 4 6 7 8 9 10 | 10.0
Fighting       | 2 |  2.7
Armour         | 2 |  2.8
Dodging        | |  1.5
Stealth        | |  2.1

Action                     |  1- 3 |  4- 6 |  7- 9 | 10-12 | 13-15 || total
---------------------------+-------+-------+-------+-------+-------++-------
  Melee: Unarmed           |    19 |     7 |       |       |       ||    26
         Staff             |       |       |     4 |     5 |    22 ||    31
         Punch             |       |       |       |       |     1 ||     1
   Cast: Sandblast         |    66 |    51 |    82 |   127 |    48 ||   374
         Stone Arrow       |       |     5 |    71 |   239 |    95 ||   410
         Arcjolt           |       |       |       |     7 |    21 ||    28
         Lightning Bolt    |       |       |       |     3 |     4 ||     7
         Frozen Ramparts   |       |       |       |       |     1 ||     1
  Evoke: Wand              |       |       |       |     5 |       ||     5
         Tin of tremorston |       |       |       |     2 |       ||     2
    Use: Potion            |     1 |     1 |       |     7 |     6 ||    15
         Scroll            |       |       |       |    21 |     2 ||    23
 Armour: Robe              |    19 |       |       |       |       ||    19
         Leather armour    |       |    32 |    49 |   143 |    37 ||   261
  Dodge: Dodged            |    42 |    34 |    54 |   200 |    80 ||   410

Table legend: (Time is in decaauts)
 A = Elapsed time spent in this place.
 B = Non-inter-level travel time spent in this place.
 C = Inter-level travel time spent in this place.
 D = Time resting spent in this place.
 E = Time spent auto-exploring this place.
 F = Levels seen in this place.
 G = Mean time per level.
                   A        B        C        D        E       F      G
               +--------+--------+--------+--------+--------+-----+--------+
         Total |  19984 |  18919 |   1065 |   5242 |  11057 |  15 | 1332.3 |
       Dungeon |  10338 |   9578 |    760 |   1959 |   6388 |   9 | 1148.7 |
          Lair |   8951 |   8646 |    305 |   2766 |   4653 |   5 | 1790.2 |
      Ice Cave |    694 |    694 |      0 |    517 |     15 |   1 |  694.0 |
               +--------+--------+--------+--------+--------+-----+--------+

Top non-repeatable levels by time:
  Lair:3: 2370 daAuts
  Lair:5: 2160 daAuts
  Lair:2: 1890 daAuts
     D:7: 1867 daAuts
     D:4: 1456 daAuts
     D:8: 1441 daAuts
     D:9: 1374 daAuts
  Lair:1: 1305 daAuts
  Lair:4: 1224 daAuts
     D:1: 1005 daAuts
     D:3: 988 daAuts
     D:5: 896 daAuts
   IceCv: 694 daAuts
     D:6: 669 daAuts
     D:2: 640 daAuts
